 Dungeon Crawl Stone Soup version 0.30-a0-46-g5a63ccc183 (webtiles) character file.

Game seed: 10797879010831025270

945 LnG the Chopper (level 8, -10/69 HPs)
             Began as a Hill Orc Fighter on Sept 1, 2022.
             Was a Follower of Okawaru.
             Engulfed by a cloud of flame (27 damage)
             ... on level 6 of the Dungeon.
             The game lasted 00:19:16 (4972 turns).

LnG the Chopper (Hill Orc Fighter)                  Turns: 4972, Time: 00:19:16

Health: -10/69     AC: 10    Str: 21    XL:     8   Next: 13%
Magic:  8/8        EV: 10    Int:  8    God:    Okawaru [*.....]
Gold:   288        SH:  4    Dex: 10    Spells: 7/7 levels left

rFire   . . .      SeeInvis .    a - +0 war axe (vorpal)
rCold   . . .      Faith    .    c - +0 buckler
rNeg    . . .      Spirit   .    b - +0 scale mail
rPois   .          Reflect  .    (no helmet)
rElec   .          Harm     .    l - +0 cloak {rCorr}
rCorr   +          Rampage  .    (no gloves)
Will    .....                    f - +0 pair of boots
Stlth   ..........               k - amulet of regeneration
HPRegen 1.01/turn                (no ring)
MPRegen 0.11/turn                (no ring)

@: mighty
A: no striking features
a: Renounce Religion, Heroism


You were on level 6 of the Dungeon.
You worshipped Okawaru.
Okawaru was aware of your devotion.
You visited 2 branches of the dungeon, and saw 7 of its levels.

You collected 300 gold pieces.
You spent 12 gold pieces at shops.

Inventory:

Hand Weapons
 a - a +0 vorpal war axe (weapon)
Missiles
 p - a throwing net (quivered)
Armour
 b - a +0 scale mail (worn)
 c - a +0 buckler (worn)
 f - a +0 pair of boots (worn)
 l - a +0 cloak of preservation (worn)
Jewellery
 k - an amulet of regeneration (around neck)
Scrolls
 g - 3 scrolls of magic mapping
 j - 3 scrolls of teleportation
 m - 2 scrolls of amnesia {unknown}
Potions
 e - 2 potions of curing
 i - a potion of mutation {unknown}
 n - 3 potions of heal wounds
 s - 2 potions of brilliance
 t - 2 potions of flight {unknown}


   Skills:
 + Level 5.6 Fighting
 + Level 7.9 Axes
 + Level 6.2 Armour
 + Level 1.6 Dodging
 + Level 0.3 Stealth
 + Level 4.2 Shields


You had 7 spell levels left.
You didn't know any spells.
Your spell library contained the following spells:

 Spells                   Type           Power      Damage    Failure   Level
 Ensorcelled Hibernation  Hex/Ice        0%         N/A       91%         2
 Passwall                 Tmut/Erth      0%         N/A       91%         2
 Dazzling Flash           Conj/Hex       0%         N/A       99%         3
 Gell's Gravitas          Tloc           0%         N/A       99%         3
 Portal Projectile        Hex/Tloc       0%         N/A       99%         3
 Swiftness                Air            0%         N/A       99%         3
 Teleport Other           Tloc           0%         N/A       99%         3
 Iskenderun's Mystic Bla  Conj/Tloc      0%         2d3       100%        4
 Blade Hands              Tmut           0%         N/A       100%        5
 Dispersal                Tloc           0%         N/A       100%        6
 Starburst                Conj/Fire      0%         6d3       100%        6
 Tukima's Dance           Hex            Unusable   N/A       N/A         3

Dungeon Overview and Level Annotations

Branches:
Dungeon (6/15)             Temple (1/1) D:5

Altars:
Ashenzari
Cheibriados
Dithmenos
Fedhas
Gozag
Hepliaklqana
Makhleb
Okawaru
Qazlal
Ru
Trog
Uskayaw
Vehumet
Wu Jian
Xom
Yredelemnul

Shops:
D:1 !((


Message History

The vampire bites you but does no damage.
You feel less confused. The vampire casts a spell at you.
You are confused.
You bump into the stone wall.
You bump into the stone wall.
The vampire hits you but does no damage.
The vampire bites you!
The vampire draws strength from your injuries!
You're too confused to move!
The vampire hits you! The vampire bites you.
The vampire draws strength from your injuries!
You barely miss the vampire. The vampire closely misses you.
The vampire bites you.
The vampire draws strength from your injuries!
You barely miss the vampire. The vampire misses you.
The vampire barely misses you.
You feel less confused.
The vampire gestures at you while chanting.
You resist with some effort.
You feel very mighty all of a sudden.
You slash the vampire!
Flame seeps out of the vampire. x2
The vampire is heavily damaged.
The vampire barely misses you.
The vampire bites you but does no damage.
You barely miss the vampire.
The vampire is heavily damaged.
The vampire is engulfed in blazing flames.
Flame seeps out of the vampire.
The vampire hits you! The vampire closely misses you.
You slash the vampire! Okawaru is honoured by your kill.
You can now gain great but temporary skills.
The vampire explodes!
The fiery explosion engulfs you!
* * * LOW HITPOINT WARNING * * *
The fiery explosion engulfs the vampire mosquito!!
You destroy the vampire mosquito!
Okawaru accepts your kill.
You are engulfed in blazing flames.
You die...

..# #....#.
..##....$..
#.#........
..........
..!......
#.O...... +.#
..#### #####.#
......#####.@°§O#
#.†.....#####
###..#### #...#
#.#.# #..#.#
##.##.#
#..##.####.###.
..#......#.#...


You could see an ogre.

Vanquished Creatures
  A vampire (D:6)
  A vampire mosquito (D:6)
  An ice beast (D:5)
  A black bear (D:6)
  A phantom (D:5)
  A kobold brigand (D:6)
  A necrophage (D:5)
  4 scorpions (D:5)
  A howler monkey (D:4)
  2 iguanas
  An orc wizard (D:5)
  4 gnolls
  8 adders
  An ufetubus (D:6)
  A worm (D:3)
  3 dart slugs
  8 orcs
  3 ball pythons
  3 bats
  6 endoplasms
  2 giant cockroaches
  7 goblins
  6 hobgoblins
  8 jackals
  4 quokkas
  3 frilled lizards (D:1)
  6 kobolds
  3 rats
91 creatures vanquished.

Vanquished Creatures (others)
  2 fungi (D:1)
  37 plants (D:1)
39 creatures vanquished.

Grand Total: 130 creatures vanquished

Notes
Turn   | Place    | Note
-------+----------+-------------------------------------------
     0 | D:1      | LnG the Hill Orc Fighter began the quest for the Orb.
     0 | D:1      | Reached XP level 1. HP: 19/19 MP: 1/1
   201 | D:1      | Found Qiukasum's Antique Weapon Emporium.
   318 | D:1      | Reached XP level 2. HP: 27/27 MP: 2/2
   467 | D:1      | Found Gusuususo's Antique Weapon Shop.
   525 | D:1      | Reached skill level 3 in Axes
   668 | D:1      | Reached XP level 3. HP: 25/33 MP: 3/3
   774 | D:1      | Found a faded altar of an unknown god.
   873 | D:1      | Found Veust's Distillery.
   879 | D:1      | Bought a potion of degeneration for 12 gold pieces
  2127 | D:3      | Reached skill level 4 in Axes
  2127 | D:3      | Reached XP level 4. HP: 40/40 MP: 4/4
  2326 | D:3      | Found a shadowy altar of Dithmenos.
  3101 | D:3      | Reached XP level 5. HP: 46/46 MP: 5/5
  3110 | D:4      | Reached skill level 5 in Axes
  3750 | D:5      | Entered Level 5 of the Dungeon
  3750 | D:5      | Noticed an ice beast
  3759 | D:5      | Killed an ice beast
  3760 | D:5      | Reached skill level 5 in Armour
  3760 | D:5      | Reached XP level 6. HP: 53/53 MP: 6/6
  3896 | D:5      | Reached skill level 6 in Axes
  3896 | D:5      | Reached skill level 1 in Dodging
  3970 | D:5      | Reached XP level 7. HP: 60/60 MP: 7/7
  4026 | D:5      | Reached skill level 5 in Fighting
  4405 | D:5      | Found a staircase to the Ecumenical Temple.
  4415 | Temple   | Entered the Ecumenical Temple
  4430 | Temple   | Became a worshipper of Warmaster Okawaru
  4543 | D:5      | Reached skill level 7 in Axes
  4747 | D:6      | Reached XP level 8. HP: 61/69 MP: 8/8
  4949 | D:6      | Noticed a vampire
  4972 | D:6      | Killed a vampire
  4972 | D:6      | Reached * piety under Okawaru
  4972 | D:6      | Engulfed by a cloud of flame

Illustrated notes

Levels and vault maps discovered:
D:1:      roderic_crop_circles_arrival_small, layout_basic, serial_shops,
          nicolae_diamond_shop, nicolae_lakefront_shop, shop,
          dreamdust_ecumenical_altar_grove
D:2:      layout_loops_ring
D:3:      layout_basic, nicolae_dithmenos_shadow_blocks,
          minmay_misc_feat_encased
D:4:      layout_cave_pools, chequers_hall_statues_corner_a
D:5:      layout_cave_pools, minmay_temple_entry_poolview
D:6:      layout_rooms, mainiacjoe_overflow_surrounded_room
Temple:   minmay_freezing_vapour_temple

Skill      XL: |  1  2  3  4  5  6  7 |
---------------+----------------------+-----
Axes           | 3 4 5 6 7 |  7.9
Armour         | 4 5 6 |  6.2
Fighting       | 4 5 |  5.6
Dodging        | 1 |  1.6
Shields        | 4 |  4.2
Stealth        | |  0.3

Action                   |  1- 3 |  4- 6 |  7- 9 || total
-------------------------+-------+-------+-------++-------
Melee: War axe           |   134 |   127 |    88 ||   349
  Use: Scroll            |     3 |     7 |     1 ||    11
       Potion            |       |     1 |     1 ||     2
Armor: Scale mail        |    56 |    81 |    53 ||   190
Dodge: Dodged            |    58 |    54 |    50 ||   162
Block: Buckler           |    28 |    24 |    15 ||    67

Table legend: (Time is in decaauts)
 A = Elapsed time spent in this place.
 B = Non-inter-level travel time spent in this place.
 C = Inter-level travel time spent in this place.
 D = Time resting spent in this place.
 E = Time spent auto-exploring this place.
 F = Levels seen in this place.
 G = Mean time per level.
                   A        B        C        D        E       F      G
               +--------+--------+--------+--------+--------+-----+--------+
         Total |   5084 |   4969 |    115 |   1006 |   1956 |   7 |  726.3 |
       Dungeon |   5064 |   4949 |    115 |   1006 |   1956 |   6 |  844.0 |
        Temple |     20 |     20 |      0 |      0 |      0 |   1 |   20.0 |
               +--------+--------+--------+--------+--------+-----+--------+

Top non-repeatable levels by time:
     D:3: 1225 daAuts
     D:1: 1136 daAuts
     D:5: 942 daAuts
     D:2: 777 daAuts
     D:4: 734 daAuts
     D:6: 249 daAuts
  Temple: 20 daAuts
